cohdb
Replays
Latest Replays
All Replays
Popular Replays
Top Player Replays
Match Explorer
How It Works
Community
CoH3 Stats
Reddit
Sign in to upload your games and track your stats! →
Sign in with Steam
Match 27866428
Unlisted
Match 27866428
Overview
Messages
Build Orders
End
Construct Section Command Post
Vickers Machine Gun Team
Selects Heavy Armor Battlegroup
Dingo Light Scout Car
Dingo Light Scout Car
Infantry Section
Infantry Section
Selects Light Vehicle Withdraw and Refit
Light Vehicle Withdraw and Refit
Construct Platoon Command Post
6-pounder Anti-tank Gun Team
Light Vehicle Withdraw and Refit
*Mule
FeriG
InSaNiedi
aSIISymbiosis
0
0
Comments
sign in to comment!
No comments posted yet!